| TOP OF THE 1ST |
|---|
| North Carolina State Wolfpack batting - Pitching for Miami Hurricaines : RHP Danny Hulme | | Pitching: RHP Danny Hulme | | | Batting: LHB Hector Berrios | 0-0: Called Strike 0-1: Swinging Strike 0-2: Ball 1-2: Ball 2-2: Ball 3-2: Foul Ball, location: 2F 3-2: Fly out, F7 (Line Drive, 7) | | Batting: RHB Jose Lopez | 0-0: Fly out, F9 (Flyball, 9) | | Batting: RHB Alan McDonald | 0-0: Swinging Strike 0-1: Ball 1-1: Ball 2-1: Called Strike 2-2: Ground out U3 (Groundball, 3) | | Top of the 1st over - 0 run(s), 0 hit(s), 0 error(s), 0 left on base; North Carolina State 0 - Miami 0 | | BOTTOM OF THE 1ST |
|---|
| Miami Hurricaines batting - Pitching for North Carolina State Wolfpack : RHP Sam Cole | | Pitching: RHP Sam Cole | | | Batting: RHB Andy Arellano | 0-0: Foul Ball, location: 2F 0-1: Ball 1-1: Fly out, F7 (Flyball, 7) | | Batting: LHB Evan Farley | 0-0: Ball 1-0: Called Strike 1-1: Fly out, F9 (Flyball, 9LD) | | Batting: RHB Chris Parsons | 0-0: Ball 1-0: Ball 2-0: Fly out, F7 (Line Drive, 7) | | Bottom of the 1st over - 0 run(s), 0 hit(s), 0 error(s), 0 left on base; North Carolina State 0 - Miami 0 | | TOP OF THE 2ND |
|---|
| North Carolina State Wolfpack batting - Pitching for Miami Hurricaines : RHP Danny Hulme | | Batting: RHB Ronnie Helms | 0-0: Ball 1-0: Ball 2-0: Ball 3-0: Base on Balls | | Batting: LHB Mike Langford | 0-0: Ball 1-0: Ball 2-0: Ball 3-0: Base on Balls Ronnie Helms to second | | Batting: LHB Chance Dow | 0-0: Grounds into double play, 6-4-3 (Groundball, 6) Ronnie Helms to third | | Batting: RHB Phil Earles | 0-0: Called Strike 0-1: Foul Ball, location: 2F 0-2: Ball 1-2: Strikes out looking | | Top of the 2nd over - 0 run(s), 0 hit(s), 0 error(s), 1 left on base; North Carolina State 0 - Miami 0 | | BOTTOM OF THE 2ND |
|---|
| Miami Hurricaines batting - Pitching for North Carolina State Wolfpack : RHP Sam Cole | | Batting: LHB Dan Seymour | 0-0: Ball 1-0: Swinging Strike 1-1: Swinging Strike 1-2: Ground out 5-3 (Groundball, 5L) | | Batting: RHB Steve McHale | 0-0: Called Strike 0-1: Ball 1-1: Fly out, F7 (Flyball, 7D) | | Batting: LHB Alan Makela | 0-0: Swinging Strike 0-1: Ball 1-1: Swinging Strike 1-2: Ball 2-2: Foul Ball, location: 2F 2-2: Ball 3-2: DOUBLE (Line Drive, 9LM) | | Batting: RHB Jesus Maldonado | 0-0: Ball 1-0: Fly out, F3 (Line Drive, 34) | | Bottom of the 2nd over - 0 run(s), 1 hit(s), 0 error(s), 1 left on base; North Carolina State 0 - Miami 0 | | TOP OF THE 3RD |
|---|
| North Carolina State Wolfpack batting - Pitching for Miami Hurricaines : RHP Danny Hulme | | Batting: RHB Glen Wemhoff | 0-0: Foul Ball, location: 2F 0-1: SINGLE (Line Drive, 78S) | | Batting: RHB Ryan Doane | 0-0: Ball 1-0: Called Strike 1-1: Ball 2-1: Foul Ball, location: 2F 2-2: Ball 3-2: Strikes out looking | | Batting: LHB Hector Berrios | 0-0: Ball 1-0: Foul Ball, location: 2F 1-1: Ball 2-1: Fly out, F7 (Flyball, 7) | | Batting: RHB Jose Lopez | 0-0: Ball 1-0: Foul Ball, location: 2F 1-1: Fielders Choice at 2nd, 5-4 (Groundball, 56) | | Top of the 3rd over - 0 run(s), 1 hit(s), 0 error(s), 0 left on base; North Carolina State 0 - Miami 0 | | BOTTOM OF THE 3RD |
|---|
| Miami Hurricaines batting - Pitching for North Carolina State Wolfpack : RHP Sam Cole | | Batting: LHB David Bumgardner | 0-0: Called Strike 0-1: Ball 1-1: Ground out 6-3 (Groundball, 6S) | | Batting: RHB Joel Moreno | 0-0: Ball 1-0: Ball 2-0: Foul Ball, location: 2F 2-1: Ball 3-1: Base on Balls | | Batting: RHB Andy Arellano | 0-0: Grounds into double play, 5-4-3 (Groundball, 56) | | Bottom of the 3rd over - 0 run(s), 0 hit(s), 0 error(s), 0 left on base; North Carolina State 0 - Miami 0 | | TOP OF THE 4TH |
|---|
| North Carolina State Wolfpack batting - Pitching for Miami Hurricaines : RHP Danny Hulme | | Batting: RHB Alan McDonald | 0-0: Called Strike 0-1: Swinging Strike 0-2: Ball 1-2: Foul Ball, location: 2F 1-2: Fly out, F9 (Flyball, 9) | | Batting: RHB Ronnie Helms | 0-0: Called Strike 0-1: Ball 1-1: Ball 2-1: Ball 3-1: Base on Balls | | Batting: LHB Mike Langford | 0-0: Called Strike Ronnie Helms is caught stealing 2nd base 0-1: SINGLE (Line Drive, 6D) | | Batting: LHB Chance Dow | 0-0: Fielders Choice at 2nd, 6-4 (Groundball, 6) | | Top of the 4th over - 0 run(s), 1 hit(s), 0 error(s), 0 left on base; North Carolina State 0 - Miami 0 | | BOTTOM OF THE 4TH |
|---|
| Miami Hurricaines batting - Pitching for North Carolina State Wolfpack : RHP Sam Cole | | Batting: LHB Evan Farley | 0-0: Ground out 5-3 (Groundball, 56S) | | Batting: RHB Chris Parsons | 0-0: Foul Ball, location: 2F 0-1: Called Strike 0-2: Fly out, F9 (Flyball, 89S) | | Batting: LHB Dan Seymour | 0-0: Called Strike 0-1: Foul Ball, location: 2F 0-2: Ball 1-2: Ball 2-2: Foul Ball, location: 2F 2-2: Ground out 4-3 (Groundball, 4) | | Bottom of the 4th over - 0 run(s), 0 hit(s), 0 error(s), 0 left on base; North Carolina State 0 - Miami 0 | | TOP OF THE 5TH |
|---|
| North Carolina State Wolfpack batting - Pitching for Miami Hurricaines : RHP Danny Hulme | | Batting: RHB Phil Earles | 0-0: Ball 1-0: Ball 2-0: Ball 3-0: Base on Balls | | Batting: RHB Glen Wemhoff | 0-0: Swinging Strike 0-1: Swinging Strike 0-2: Strikes out looking | | Batting: RHB Ryan Doane | 0-0: Ball 1-0: Foul Ball, location: 2F 1-1: Called Strike 1-2: Fly out, F8 (Flyball, 89M) | | Batting: LHB Hector Berrios | 0-0: Foul Ball, location: 2F 0-1: Called Strike 0-2: Ball 1-2: Ball 2-2: Foul Ball, location: 2F 2-2: Ball 3-2: Strikes out swinging | | Top of the 5th over - 0 run(s), 0 hit(s), 0 error(s), 1 left on base; North Carolina State 0 - Miami 0 | | BOTTOM OF THE 5TH |
|---|
| Miami Hurricaines batting - Pitching for North Carolina State Wolfpack : RHP Sam Cole | | Batting: RHB Steve McHale | 0-0: Ball 1-0: Ball 2-0: Ball 3-0: Called Strike 3-1: Base on Balls | | Batting: LHB Alan Makela | 0-0: Foul Ball, location: 2F 0-1: Ball 1-1: Fielders Choice at 2nd, 6-4 (Groundball, 6) | | Batting: RHB Jesus Maldonado | 0-0: Ball 1-0: Called Strike 1-1: Grounds into double play, 5-4-3 (Groundball, 5L) | | Bottom of the 5th over - 0 run(s), 0 hit(s), 0 error(s), 0 left on base; North Carolina State 0 - Miami 0 | | TOP OF THE 6TH |
|---|
| North Carolina State Wolfpack batting - Pitching for Miami Hurricaines : RHP Danny Hulme | | Batting: RHB Jose Lopez | 0-0: SINGLE (Line Drive, 4D) | | Batting: RHB Alan McDonald | 0-0: Called Strike 0-1: Grounds into double play, 6-4-3 (Groundball, 6) | | Batting: RHB Ronnie Helms | 0-0: Fly out, F3 (Line Drive, 4) | | Top of the 6th over - 0 run(s), 1 hit(s), 0 error(s), 0 left on base; North Carolina State 0 - Miami 0 | | BOTTOM OF THE 6TH |
|---|
| Miami Hurricaines batting - Pitching for North Carolina State Wolfpack : RHP Sam Cole | | Batting: LHB David Bumgardner | 0-0: Fly out, F9 (Flyball, 9D) | | Batting: RHB Joel Moreno | 0-0: Swinging Strike 0-1: Ball 1-1: Ball 2-1: Foul Ball, location: 2F 2-2: SINGLE (Groundball, 56D) | | Batting: RHB Andy Arellano | 0-0: Ball 1-0: Ball 2-0: Fly out, F6 (Line Drive, 6) | | Batting: LHB Evan Farley | 0-0: Called Strike 0-1: Foul Ball, location: 2F 0-2: Ball 1-2: Ball 2-2: Ball 3-2: Fly out, F7 (Flyball, 7S) | | Bottom of the 6th over - 0 run(s), 1 hit(s), 0 error(s), 1 left on base; North Carolina State 0 - Miami 0 | | TOP OF THE 7TH |
|---|
| North Carolina State Wolfpack batting - Pitching for Miami Hurricaines : RHP Danny Hulme | | Batting: LHB Mike Langford | 0-0: Ball 1-0: SINGLE (Flyball, 9LS) | | Batting: LHB Chance Dow | 0-0: Called Strike 0-1: Ball 1-1: Ball 2-1: Called Strike 2-2: Foul Ball, location: 2F 2-2: Strikes out swinging | | Pitching: RHP Bob McKenzie | | | Batting: RHB Phil Earles | 0-0: Ball 1-0: Ball Mike Langford is caught stealing 2nd base 2-0: Foul Ball, location: 2F 2-1: Foul Ball, location: 2F 2-2: Foul Ball, location: 2F 2-2: Strikes out looking | | Top of the 7th over - 0 run(s), 1 hit(s), 0 error(s), 0 left on base; North Carolina State 0 - Miami 0 | | BOTTOM OF THE 7TH |
|---|
| Miami Hurricaines batting - Pitching for North Carolina State Wolfpack : RHP Sam Cole | | Batting: RHB Chris Parsons | 0-0: Foul Ball, location: 2F 0-1: Ball 1-1: Fly out, F8 (Flyball, 8LD) | | Batting: LHB Dan Seymour | 0-0: Foul Ball, location: 2F 0-1: Ball 1-1: Foul Ball, location: 2F 1-2: SINGLE (Flyball, 78M) | | Pinch Hitting: LHB Bill Hardy | 0-0: Called Strike Dan Seymour steals 2nd base 0-1: Swinging Strike 0-2: Fly out, F8 (Flyball, 8LM) | | Pitching: RHP Jason Gentile | | | Batting: LHB Alan Makela | 0-0: Swinging Strike 0-1: Hit by Pitch | | Batting: RHB Jesus Maldonado | 0-0: Fly out, F4 (Popup, 34) | | Bottom of the 7th over - 0 run(s), 1 hit(s), 0 error(s), 2 left on base; North Carolina State 0 - Miami 0 | | TOP OF THE 8TH |
|---|
| North Carolina State Wolfpack batting - Pitching for Miami Hurricaines : RHP Bob McKenzie | | Now at 1B: Bill Hardy | | | Pinch Hitting: SHB Will Rider | 0-0: Called Strike 0-1: Ball 1-1: Ball 2-1: Ball 3-1: Base on Balls | | Batting: RHB Ryan Doane | 0-0: Ball 1-0: Swinging Strike 1-1: Grounds into double play, 1-6-3 (Groundball, 13S) | | Batting: LHB Hector Berrios | 0-0: Fly out, F9 (Flyball, 9S) | | Top of the 8th over - 0 run(s), 0 hit(s), 0 error(s), 0 left on base; North Carolina State 0 - Miami 0 | | BOTTOM OF THE 8TH |
|---|
| Miami Hurricaines batting - Pitching for North Carolina State Wolfpack : RHP Jason Gentile | | Now at SS: Darren Park | | | Batting: LHB David Bumgardner | 0-0: Ball 1-0: Ball 2-0: Ball 3-0: Called Strike 3-1: Base on Balls | | Batting: RHB Joel Moreno | 0-0: Ball 1-0: Ball 2-0: Bunt - Flyout! F2 | | Batting: RHB Andy Arellano | 0-0: Ball 1-0: Ball 2-0: Ball 3-0: Base on Balls David Bumgardner to second | | Batting: LHB Evan Farley | 0-0: Ball 1-0: Ball 2-0: Ball 3-0: Called Strike 3-1: Fly out, F8 (Line Drive, 8LM) | | Batting: RHB Chris Parsons | 0-0: Ground out 6-3 (Groundball, 6S) | | Bottom of the 8th over - 0 run(s), 0 hit(s), 0 error(s), 2 left on base; North Carolina State 0 - Miami 0 | | TOP OF THE 9TH |
|---|
| North Carolina State Wolfpack batting - Pitching for Miami Hurricaines : RHP Bob McKenzie | | Pitching: RHP David Pennington | | | Batting: RHB Jose Lopez | 0-0: Foul Ball, location: 2F 0-1: Ball 1-1: Ball 2-1: Ball 3-1: Swinging Strike 3-2: Strikes out swinging | | Batting: RHB Alan McDonald | 0-0: Called Strike 0-1: Foul Ball, location: 2F 0-2: Ball 1-2: Ball 2-2: Ball 3-2: Fly out, F8 (Flyball, 8RM) | | Batting: RHB Ronnie Helms | 0-0: SINGLE (Line Drive, 56D) | | Batting: LHB Mike Langford | 0-0: 2-RUN HOME RUN (Flyball, 9LD), Distance : 365 ft | | Batting: LHB Chance Dow | 0-0: Ball 1-0: Ball 2-0: Ball 3-0: Called Strike 3-1: Swinging Strike 3-2: Foul Ball, location: 2F 3-2: Base on Balls | | Batting: RHB Phil Earles | 0-0: Foul Ball, location: 2F 0-1: Fly out, F7 (Flyball, 7D) | | Top of the 9th over - 2 run(s), 2 hit(s), 0 error(s), 1 left on base; North Carolina State 2 - Miami 0 | | BOTTOM OF THE 9TH |
|---|
| Miami Hurricaines batting - Pitching for North Carolina State Wolfpack : RHP Jason Gentile | | Pitching: RHP Frank Diaz | | | Now at C: John Lindquist | | | Batting: LHB Dan Seymour | 0-0: SINGLE (Groundball, 6D) | | Batting: LHB Bill Hardy | 0-0: Ball 1-0: Ball 2-0: Called Strike 2-1: SINGLE (Groundball, 4MD) Dan Seymour to second | | Batting: LHB Alan Makela | 0-0: Ball 1-0: Bunted foul 1-1: Sac Bunt - play at first, batter OUT! 2-4 Dan Seymour to third Bill Hardy to second | | Batting: RHB Jesus Maldonado | 0-0: Ball 1-0: Ground out 4-3 (Groundball, 4) Dan Seymour scores Bill Hardy to third | | Batting: LHB David Bumgardner | 0-0: Ball 1-0: Ball 2-0: Foul Ball, location: 2F 2-1: Called Strike 2-2: Foul Ball, location: 2F 2-2: Foul Ball, location: 2F 2-2: Ball 3-2: Base on Balls | | Pinch Hitting: LHB Jeremy Hinton | 0-0: Swinging Strike 0-1: Called Strike 0-2: Ball 1-2: Strikes out swinging | | Bottom of the 9th over - 1 run(s), 2 hit(s), 0 error(s), 2 left on base; North Carolina State 2 - Miami 1 | |